 Dungeon Crawl Stone Soup version 0.17.2-1-ge4368a0 (webtiles) character file.

53 Goblin1989 the Poker (level 3, -2/27 HPs)
             Began as a Merfolk Skald on Oct 19, 2016.
             Killed from afar by Sigmund (6 damage)
             ... with a magic dart
             ... on level 1 of the Dungeon.
             The game lasted 00:03:35 (1194 turns).

Goblin1989 the Poker (Merfolk Skald)                Turns: 1194, Time: 00:03:35

Health: -2/27      AC:  6    Str: 13    XL:     3   Next: 87%
Magic:  6/6        EV: 11    Int:  8    God:
Gold:   44         SH:  0    Dex: 13    Spells: 1 memorised, 5 levels left

rFire  . . .     SeeInvis .     a - +0 spear
rCold  . . .     Clarity  .     b - +0 leather armour
rNeg   . . .     SustAt   .     (no shield)
rPois  .         Gourm    .     o - +0 helmet (curse)
rElec  .         Spirit   .     e - +1 cloak
rCorr  .         Warding  .     (no gloves)
rMut   .         Stasis   .     (no boots)
MR     .....                    (no amulet)
Stlth  +.........               (no ring)
                                l - -3 ring of intelligence (curse)

@: slowed, very slow, not resistant to hostile enchantments, very unstealthy
A: change form in water, swift swim
a: no special abilities


You were on level 1 of the Dungeon.
You were hungry.

You visited 1 branch of the dungeon, and saw 2 of its levels.

You collected 44 gold pieces.

Inventory:

Hand Weapons
 a - a +0 spear (weapon)
Armour
 b - a +0 leather armour (worn)
 e - a +1 cloak (worn)
 o - a cursed +0 helmet (worn)
Jewellery
 f - an uncursed ring of ice
 l - a cursed -3 ring of intelligence (left hand)
Scrolls
 h - a scroll of random uselessness {unknown}
 j - a scroll of recharging {unknown}
 q - a scroll of identify {unknown}
Potions
 g - 2 potions of curing {unknown}
 m - a potion of agility {unknown}
 n - 2 potions of heal wounds {!q, @q2}
 p - 2 potions of might {unknown}
Books
 c - a book of Battle

   Spells                             Type                      Level
   a - Infusion                       Charms                       1
   b - Shroud of Golubria             Charms/Translocation         2
   c - Song of Slaying                Charms                       2
   d - Spectral Weapon                Hexes/Charms                 3
   e - Regeneration                   Charms/Necromancy            3
Comestibles
 d - a bread ration {@e1}
 i - 3 fruits
 k - a beef jerky


   Skills:
 - Level 2.1 Fighting
 + Level 5.9 Polearms
 - Level 0.6 Armour
 - Level 1.3 Dodging
 - Level 2.0 Spellcasting
 - Level 3.2 Charms


You had 5 spell levels left.
You knew the following spells:

 Your Spells              Type           Power        Failure   Level  Hunger
a - Infusion              Chrm           #.....       14%         1    ##.....


Dungeon Overview and Level Annotations

Branches:
Dungeon (2/15)

Altars:

Annotations:
D:1 Sigmund


Message History

Sigmund zaps a wand.
You feel as though you will be slow longer.
Sigmund zaps a wand.
You feel as though you will be slow longer.
Sigmund zaps a wand.
You feel as though you will be slow longer.
Sigmund mumbles some strange words.
Sigmund flickers and vanishes!
Deactivating autopickup; reactivate with Ctrl-A.
A puff of flame appears from out of thin air!
The puff of flame hits you!
* * * LOW HITPOINT WARNING * * *
You take 9 damage, and have 4/27 hp.
MASSIVE DAMAGE!!
You hear a zap.
Something tries to affect you, but you resist.
You hear a zap.
Something tries to affect you, but you resist.
A magic dart appears from out of thin air!
The magic dart hits you!
You die... █████████ █████

█.......█ █...█
█.......███████████████...███████
█........{......@.........∆......
███∆███████████████████...█████.█
█.█ █...█ █.█ █[█ █...█ █.█
█.███████████████████...█ █.█
█>..................█████ █.█
███████.███████████.█ █.█
█...████████ █.█ █.█ █.█).......█
█.██ █.█


There were no monsters in sight!

Vanquished Creatures
  A gnoll (D:1)
  3 oozes (D:1)
  A giant gecko (D:1)
  3 bats (D:1)
  3 hobgoblins (D:1)
  2 jackals (D:1)
  A giant newt (D:1)
  10 goblins (D:1)
  4 kobolds (D:1)
  2 rats (D:1)
30 creatures vanquished.

Notes
Turn   | Place    | Note
--------------------------------------------------------------
     0 | D:1      | Goblin1989 the Merfolk Skald began the quest for the Orb.
     0 | D:1      | Reached XP level 1. HP: 16/16 MP: 3/3
   136 | D:1      | Reached skill level 4 in Polearms
   136 | D:1      | Reached XP level 2. HP: 22/22 MP: 5/5
   271 | D:1      | Reached skill level 5 in Polearms
   271 | D:1      | Reached XP level 3. HP: 8/27 MP: 6/6
  1172 | D:2      | Noticed Sigmund
  1194 | D:1      | Killed from afar by Sigmund

Action                   || total
-------------------------++-------
Melee: Spear             ||   120
 Stab: Sleeping          ||     4

Vault maps used:
D:1:      dpeg_arrival_tiny_f
D:2:      grunt_temple_overflow_opulence, nicolae_overflow_hidden_temple,
          grunt_dithmenos_smoke, uniq_sigmund
